 Dungeon Crawl Stone Soup version 0.23.2 (webtiles) character file.

Game seed: 6545641648221588544

65 Marnok the Twirler (level 3, 0/27 HPs)
             Began as a Demonspawn Gladiator on Apr 7, 2019.
             Succumbed to a worker ant's poison
             ... on level 2 of the Dungeon.
             The game lasted 00:03:27 (925 turns).

Marnok the Twirler (Demonspawn Gladiator)            Turns: 925, Time: 00:03:28

Health: 0/27       AC:  9    Str: 14    XL:     3   Next: 92%
Magic:  3/3        EV: 13    Int:  9    God:
Gold:   13         SH:  0    Dex: 15    Spells: 2/2 levels left

rFire    . . .     SeeInvis .   a - +0 quarterstaff
rCold    . . .     Gourm    .   (shield currently unavailable)
rNeg     . . .     Faith    .   b - +0 leather armour
rPois    .         Spirit   .   (helmet restricted)
rElec    .         Reflect  .   (no cloak)
rCorr    .         Harm     .   (no gloves)
MR       .....                  (no boots)
Stlth    +.........             (no amulet)
HPRegen  0.09/turn              (no ring)
MPRegen  0.08/turn              (no ring)

@: lethally poisoned (0 -> -3), sanguine armour
A: horns 1, sanguine armour 1
a: no special abilities


You were on level 2 of the Dungeon.
You were not hungry.

You visited 1 branch of the dungeon, and saw 2 of its levels.

You collected 13 gold pieces.

Inventory:

Hand Weapons
 a - a +0 quarterstaff (weapon)
Missiles
 d - 3 throwing nets (quivered)
Armour
 b - a +0 leather armour (worn)
 c - a +0 helmet
Scrolls
 e - a scroll of fog
 g - a scroll of identify
 n - a scroll of enchant weapon {unknown}
 p - a scroll of random uselessness {unknown}
Potions
 h - 2 potions of lignification
 q - 2 potions of degeneration
Comestibles
 f - 2 rations
 j - 8 chunks of flesh


   Skills:
 + Level 2.2 Fighting
 + Level 3.4 Staves
 + Level 1.8 Throwing
 + Level 0.8 Armour
 + Level 3.3 Dodging
 + Level 0.9 Stealth


You had 2 spell levels left.
You didn't know any spells.
Your spell library was empty.

Dungeon Overview and Level Annotations

Branches:
Dungeon (2/15)

Altars:


Innate Abilities, Weirdness & Mutations

You have a pair of small horns on your head.
When seriously injured, your bleeding wounds create armour. (AC +6)


Message History

You hit the giant cockroach.
You kill the giant cockroach!
The kobold hits you but does no damage.
You barely miss the kobold. Your headbutt misses the kobold.
* * * LOW HITPOINT WARNING * * *
You feel sick. The kobold barely misses you.
You miss the kobold. Your headbutt misses the kobold.
* * * LOW HITPOINT WARNING * * *
You feel sick. The kobold closely misses you.
You closely miss the kobold. You headbutt the kobold.
You kill the kobold!
* * * LOW HITPOINT WARNING * * *
You feel sick.
The goblin shoots a stone.
The stone misses you.
The goblin shoots a stone.
The stone barely misses you.
The goblin shoots a stone.
The stone hits you.
* * * LOW HITPOINT WARNING * * *
Items here: ) †††† a +0 club; a kobold corpse; a giant cockroach corpse; a goblin corpse a worker ant corpse You die...

........ ..
.....)# ...
.....# ##...
.....###...
#.......#
##.......##
#.........###
#.........#(#
.##.....(.g@)##
..........(..##
............##
......$.....##
.$(........##
.....#....##
.......h..
.....)....
........


You could see a jackal (wandering) and a goblin.

Vanquished Creatures
  A worker ant (D:2)
  An adder (D:1)
  An ooze (D:1)
  A dart slug (D:1)
  A ball python (D:1)
  4 bats (D:1)
  A giant cockroach (D:2)
  4 hobgoblins (D:1)
  2 jackals (D:1)
  3 kobolds
  A frilled lizard (D:1)
  A goblin (D:2)
  3 rats (D:1)
24 creatures vanquished.

Notes
Turn   | Place    | Note
-------+----------+-------------------------------------------
     0 | D:1      | Marnok the Demonspawn Gladiator began the quest for the
                  | Orb.
     0 | D:1      | Reached XP level 1. HP: 16/16 MP: 1/1
   268 | D:1      | Gained mutation: You have a pair of small horns on your
                  | head. [demonic ancestry]
   268 | D:1      | Reached XP level 2. HP: 22/22 MP: 2/2
   802 | D:1      | Gained mutation: When seriously injured, your bleeding
                  | wounds create armour. (AC +6) [demonic ancestry]
   802 | D:1      | Reached XP level 3. HP: 17/27 MP: 3/3
   924 | D:2      | HP: 1/27 [goblin/stone (2)]
   925 | D:2      | Succumbed to a worker ant's poison

Skill      XL: |  1  2 |
---------------+-------+-----
Staves         | 3 |  3.4
Dodging        | 3 |  3.3
Fighting       | |  2.2
Throwing       | |  1.8
Armour         | |  0.8
Stealth        | |  0.9

Action                   || total
-------------------------++-------
Melee: Quarterstaff      ||    80
       Headbutt          ||    10
  Use: Potion            ||     2
       Scroll            ||     6
 Stab: Sleeping          ||     1
Armor: Leather armour    ||    46
       Skin              ||    30
Dodge: Dodged            ||    76
